 Dungeon Crawl Stone Soup version 0.22-b1-26-g9dbaab1 (webtiles) character file.

213 Madoushi the Chopper (level 5, 0/47 HPs)
             Began as a Minotaur Berserker on Aug 6, 2018.
             Was a Priest of Trog.
             Succumbed to an orc wizard's poison
             ... on level 3 of the Dungeon.
             The game lasted 00:10:28 (3018 turns).

Madoushi the Chopper (Minotaur Berserker)           Turns: 3018, Time: 00:10:28

Health: 0/47       AC:  8    Str: 23    XL:     5   Next: 59%
Magic:  4/4        EV: 12    Int:  4    God:    Trog [***...]
Gold:   100        SH:  0    Dex:  9    Spells: 4/4 levels left

rFire    . . .     SeeInvis +   a - +0 hand axe
rCold    . . .     Gourm    .   (no shield)
rNeg     . . .     Faith    +   h - +0 ring mail
rPois    .         Spirit   .   (helmet restricted)
rElec    .         Reflect  .   n - scarf {repulsion}
rCorr    .         Harm     .   r - +1 pair of gloves
MR       ++...                  (no boots)
Stlth    ..........             p - amulet of faith
HPRegen  1.15/turn              g - ring of see invisible
MPRegen  0.09/turn              o - ring of flight

@: lethally poisoned (0 -> -4), regenerating, repel missiles
A: retaliatory headbutt, horns 2
a: Berserk, Trog's Hand, Renounce Religion, Evoke Flight


You were on level 3 of the Dungeon.
You worshipped Trog.
Trog was most pleased with you.
You were hungry.

You visited 1 branch of the dungeon, and saw 4 of its levels.

You collected 100 gold pieces.

Inventory:

Hand Weapons
 a - a +0 hand axe (weapon)
Armour
 b - a +0 animal skin
 h - a +0 ring mail (worn)
 n - a scarf of repulsion (worn)
 r - a +1 pair of gloves (worn)
Jewellery
 g - a ring of see invisible (left hand)
 o - a ring of flight (right hand)
 p - an amulet of faith (around neck)
Wands
 m - a wand of iceblast (3)
Scrolls
 d - 2 scrolls of identify {unknown}
 i - 2 scrolls of remove curse
 j - 2 scrolls of amnesia {unknown}
 l - 2 scrolls of teleportation
Potions
 e - a potion of curing {unknown}
 f - 2 potions of cancellation {unknown}
 k - a potion of lignification {unknown}
 q - 2 potions of brilliance {unknown}
 s - a potion of resistance {unknown}
Comestibles
 c - 8 rations
 t - a chunk of flesh


   Skills:
 + Level 4.7 Fighting
 + Level 5.6 Axes
 + Level 4.0 Armour
 + Level 3.0 Dodging
 + Level 0.2 Stealth


You had 4 spell levels left.
You didn't know any spells.
Your spell library was empty.

Dungeon Overview and Level Annotations

Branches:
Dungeon (4/15)
 Temple: D:4-7

Altars:
Ashenzari
Dithmenos
Fedhas
Hepliaklqana
Nemelex Xobeh
Qazlal
Trog
Vehumet


Innate Abilities, Weirdness & Mutations

You reflexively headbutt those who attack you in melee.
You have a pair of horns on your head.


Message History

The orc wizard hits you but does no damage.
You are more poisoned.
The orc priest casts a cantrip, but nothing happens.
You slash the orc priest! You headbutt the orc priest!
The orc priest is almost dead.
You miss the orc wizard.
* * * LOW HITPOINT WARNING * * *
You feel sick. The orc wizard casts a spell at you.
You resist with some effort.
The orc priest invokes the aid of Beogh against you.
You barely resist.
Your surroundings suddenly seem different.
* * * LOW HITPOINT WARNING * * *
You feel sick.
There is a lethal amount of poison in your body!
Your skin crawls.
You feel resistant to hostile enchantments.
You feel somewhat more hungry.
You die...

####### #.....#
#.##@## #.##.#
#.##.# #.##.#
#.##.# #.##.#
#######.##.#
#####..........#
#.........#.#..#


There were no monsters in sight!

Vanquished Creatures
  An orc wizard (D:2)
  A worker ant (D:4)
  A howler monkey skeleton (D:2)
  5 adders
  An ooze (D:1)
  3 worms (D:3)
  3 dart slugs (D:1)
  2 leopard geckos
  8 orcs
  A ball python (D:2)
  4 giant cockroaches
  7 goblins
  6 hobgoblins
  5 jackals
  A quokka (D:3)
  11 bats
  5 frilled lizards
  A jackal skeleton (D:4)
  8 kobolds
  11 rats
85 creatures vanquished.

Notes
Turn   | Place    | Note
-------+----------+-------------------------------------------
     0 | D:1      | Madoushi the Minotaur Berserker began the quest for the Orb.
     0 | D:1      | Reached XP level 1. HP: 19/19 MP: 0/0
    69 | D:1      | Reached skill level 4 in Axes
    69 | D:1      | Reached XP level 2. HP: 15/27 MP: 1/1
   773 | D:1      | Reached XP level 3. HP: 33/33 MP: 2/2
   893 | D:2      | Reached ** piety under Trog
  1081 | D:2      | Reached skill level 5 in Axes
  1081 | D:2      | Reached XP level 4. HP: 14/41 MP: 3/3
  1416 | D:2      | Found a shadowy altar of Dithmenos.
  1636 | D:3      | Found a blossoming altar of Fedhas.
  1655 | D:3      | Found a sparkling altar of Nemelex Xobeh.
  1659 | D:3      | Found a hazy altar of Hepliaklqana.
  1838 | D:3      | Noticed a moth of wrath
  1840 | D:3      | Found a bloodstained altar of Trog.
  1851 | D:3      | Reached XP level 5. HP: 24/47 MP: 4/4
  2161 | D:3      | Found a stormy altar of Qazlal.
  2226 | D:3      | Reached *** piety under Trog
  2244 | D:3      | Found a shattered altar of Ashenzari.
  2727 | D:3      | Found a radiant altar of Vehumet.
  3016 | D:3      | HP: 2/47 [poisoned by an orc wizard]
  3018 | D:3      | Succumbed to an orc wizard's poison

Skill      XL: |  1  2  3  4  5 |
---------------+----------------+-----
Axes           | 4 5 |  5.6
Fighting       | 4 |  4.7
Armour         | 3 4 |  4.0
Dodging        | 3 |  3.0
Stealth        | |  0.2

Action                   |  1- 3 |  4- 6 || total
-------------------------+-------+-------++-------
Melee: Hand axe          |    68 |    99 ||   167
       Headbutt          |    13 |    16 ||    29
Invok: Berserk           |       |     1 ||     1
       Trog's Hand       |       |     1 ||     1
  Use: Scroll            |     4 |     1 ||     5
  Eat: Chunk             |       |     7 ||     7
Armor: Animal skin       |     7 |       ||     7
       Ring mail         |    19 |    34 ||    53
Dodge: Dodged            |    50 |    70 ||   120
       Deflected         |       |     3 ||     3
